 Dungeon Crawl Stone Soup version 0.25-a0-424-g80bd347ae0 (webtiles) character file.

Game seed: 6722144198728292440, levelgen mode: deterministic

13307 Aggronaut the Unseen (level 11, 0/47 HPs)
             Began as a Spriggan Enchanter on Jan 3, 2020.
             Was a Believer of Jiyva.
             Slain by an unseen horror (9 damage)
             ... on level 11 of the Dungeon on Jan 23, 2020.
             The game lasted 00:49:13 (14677 turns).

Aggronaut the Unseen (Spriggan Enchanter)          Turns: 14677, Time: 00:49:14

Health: 0/47       AC:  4    Str:  5    XL:     11   Next: 73%
Magic:  30/33      EV: 20    Int: 17    God:    Jiyva [**....]
Gold:   78         SH:  3    Dex: 19    Spells: 17/26 levels left

rFire    . . .     SeeInvis +   H - +3 dagger (freeze) (curse)
rCold    . . .     Gourm    .   (shield restricted)
rNeg     . . .     Faith    .   b - +0 robe
rPois    .         Spirit   .   (helmet restricted)
rElec    .         Reflect  +   s - scarf {repulsion}
rCorr    .         Harm     .   (gloves unavailable)
MR       +....                  (boots unavailable)
Stlth    ++++++....             D - +3 amulet of reflection (curse)
HPRegen  0.15/turn              o - ring of magical power (curse)
MPRegen  0.23/turn              (no ring)

@: lethally poisoned (0 -> 0), very slightly contaminated, invisible, repel
missiles, very quick
A: very small, unfitting armour, beak, iridescent scales 1, see invisible,
herbivore, speed 3, slow metabolism 2, MP-powered wands
a: Request Jelly, Renounce Religion


You were on level 11 of the Dungeon.
You worshipped Jiyva.
Jiyva was pleased with you.
You were hungry.

You visited 1 branch of the dungeon, and saw 11 of its levels.

You collected 373 gold pieces.
You spent 295 gold pieces at shops.

Inventory:

Hand Weapons
 a - a +2 dagger
 G - a +5 scimitar of freezing
 H - a cursed +3 dagger of freezing (weapon)
Missiles
 n - 54 poisoned darts (quivered)
Armour
 b - a +0 robe (worn)
 l - a +0 cloak
 s - a scarf of repulsion (worn)
 L - a +1 buckler of poison resistance
Jewellery
 o - a cursed ring of magical power (left hand)
 t - an uncursed amulet of magic regeneration
 D - a cursed +3 amulet of reflection (around neck)
 I - an uncursed ring of stealth
 K - an uncursed ring of stealth
Wands
 c - a wand of acid (10)
 v - a wand of paralysis (9)
 y - a wand of flame (3)
 F - a wand of iceblast (4)
Scrolls
 e - 6 scrolls of enchant weapon
 h - 6 scrolls of teleportation
 i - 3 scrolls of enchant armour
 m - 5 scrolls of fog
 p - a scroll of fear
 q - a scroll of amnesia
 r - 2 scrolls of magic mapping
 u - 4 scrolls of identify
 x - 4 scrolls of remove curse
Potions
 f - 2 potions of curing
 g - a potion of brilliance
 j - 2 potions of haste
 k - a potion of degeneration
 w - a potion of resistance {unknown}
 z - a potion of lignification {unknown}
 B - a potion of might {unknown}
 C - a potion of flight {unknown}
 E - a potion of heal wounds {unknown}
 J - a potion of ambrosia {unknown}
Comestibles
 d - 4 rations


   Skills:
 - Level 10.0(6.0) Short Blades
 * Level 8.3(4.3) Dodging
 + Level 18.0(14.0) Stealth
 * Level 8.0(4.0) Spellcasting
 - Level 10.0(6.0) Hexes


You had 17 spell levels left.
You knew the following spells:

 Your Spells              Type           Power        Failure   Level  Hunger
a - Corona                Hex            ###....      1%          1    None
b - Ensorcelled Hibernat  Hex/Ice        ##....       7%          2    ##.....
c - Confuse               Hex            ###.....     4%          3    ###....
d - Dazzling Flash        Conj/Hex       ##....       14%         3    ###....

Your spell library contained the following spells:

 Spells                   Type           Power        Failure   Level  Hunger
 Slow                     Hex            ###.....     1%          2    ##.....
 Tukima's Dance           Hex            ###.....     4%          3    ###....
 Inner Flame              Hex/Fire       ##......     14%         3    ###....
 Spectral Weapon          Hex/Chrm       ##......     14%         3    ###....
 Animate Skeleton         Necr           N/A          16%         1    None
 Apportation              Tloc           #.....       16%         1    None
 Foxfire                  Conj/Fire      #...         16%         1    None
 Infusion                 Chrm           #...         16%         1    None
 Magic Dart               Conj           #...         16%         1    None
 Shock                    Conj/Air       #...         16%         1    None
 Summon Small Mammal      Summ           #...         16%         1    None
 Blink                    Tloc           N/A          24%         2    ##.....
 Call Imp                 Summ           #.......     24%         2    ##.....
 Searing Ray              Conj           #.....       24%         2    ##.....
 Shroud of Golubria       Chrm/Tloc      #.....       24%         2    ##.....
 Song of Slaying          Chrm           #.......     24%         2    ##.....
 Swiftness                Chrm/Air       #.......     24%         2    ##.....
 Fulminant Prism          Conj/Hex       ##........   41%         4    ####...
 Leda's Liquefaction      Hex/Erth       ##........   41%         4    ####...
 Conjure Flame            Conj/Fire      #.......     43%         3    ###....
 Mephitic Cloud           Conj/Pois/Air  #.......     43%         3    ###....
 Ozocubu's Armour         Chrm/Ice       #.......     43%         3    ###....
 Static Discharge         Conj/Air       #.......     43%         3    ###....
 Airstrike                Air            #.........   83%         4    ####...
 Iskenderun's Mystic Bla  Conj/Tloc      #.......     83%         4    ####...
 Sticky Flame             Conj/Fire      #.......     83%         4    ####...
 Bolt of Magma            Conj/Fire/Erth #.........   99%         5    ######.
 Fireball                 Conj/Fire      #.........   99%         5    ######.
 Irradiate                Conj/Tmut      #.........   99%         5    ######.
 Lightning Bolt           Conj/Air       #.........   99%         5    ######.
 Hydra Form               Tmut           #.........   100%        6    #######
 Iron Shot                Conj/Erth      #.........   100%        6    #######
 Statue Form              Tmut/Erth      #........    100%        6    #######
 Dragon Form              Tmut           #.........   100%        7    #######
 Shatter                  Erth           #.........   100%        9    #######


Dungeon Overview and Level Annotations

Branches:
Dungeon (11/15)            Temple (0/1) D:5            Lair (0/6) D:11
    Orc (0/2) D:10

Altars:
Ashenzari
Vehumet
Wu Jian
Zin
Jiyva

Shops:
D:4 *   D:6 (   D:11 [

Portals:
Abyss: D:4

Annotations:
D:4 1 transporter, mokwee's ghost, novice MiFi


Innate Abilities, Weirdness & Mutations

You are very small and have problems with some larger weapons.
You are too small for most types of armour.
You have supernaturally acute eyesight. (SInv)
You are a herbivore.
You cover ground extremely quickly.
You need to consume almost no food.
You have a beak for a mouth.
You are partially covered in iridescent scales. (AC +2)
You expend magic power (3 MP) to strengthen your wands.


Message History

Unknown command.
As you read the scroll of fear, it crumbles to dust.
You assume a fearsome visage.
The hell rat is unaffected.
The quokka looks frightened!
The death yak looks frightened! x3
The killer bee looks frightened! x3
The killer bee buzzes angrily.
The killer bee looks frightened! x2; The wyvern looks frightened!
The hound looks frightened!
The unseen horror resists with some effort.
You block the unseen horror's attack.
You feel sick. The unseen horror misses you.
The unseen horror closely misses you. You block the unseen horror's attack.
You block the unseen horror's attack.
The unseen horror hits you but does no damage.
You see here 17 gold pieces.
The unseen horror barely misses you.
There is a stone staircase leading up here.
You feel sick. The unseen horror hits you!
You die...

..............# .
#.............# .
....Y...>.....## .#
#.............. ..##
#...........)). ...#
#..............
...#######............#
..............r....####y
...ly......y..$x@.h.....
.#.##########.#.########
#.# ###?#.# ##l##
#.....# #...# ###.#.∩.#
.y#y#####.......#
......yy..##..#.#
####yyyr.####...#
#.####y..## #####


You could see a death yak (fleeing), an unseen horror (invisible), a hell rat, a
hound (fleeing) and 2 killer bees.

Vanquished Creatures
  The ghost of astraldaughter the Cleaver, a journeyman HuAr of Qazlal (D:8)
  3 two-headed ogres
  An unseen horror (D:10)
  An ugly thing (D:10)
  The ghost of Laukis the Shield-Bearer, a novice DsFi of Makhleb (D:5)
  A slime creature (D:8)
  A hippogriff (D:9)
  Sigmund (D:6)
  A wraith (D:10)
  A wyvern (D:8)
  8 humans (D:8)
  17 yaks
  A hungry ghost (D:10)
  Menkaure (D:6)
  3 sky beasts
  8 ogres
  2 phantoms (D:6)
  3 ice beasts
  A necrophage (D:10)
  A centaur (D:7)
  2 big kobolds
  2 bullfrogs
  A gnoll sergeant (D:7)
  3 scorpions (D:4)
  21 killer bees
  4 wights (D:7)
  A howler monkey (D:4)
  2 bullfrog zombies
  2 centaur zombies
  8 hounds
  3 jellies (D:8)
  2 crimson imps
  3 orc priests
  Crazy Yiuf (D:2)
  3 centaur skeletons
  A bullfrog skeleton (D:7)
  Terence (D:2)
  7 iguanas
  7 orc wizards
  11 worker ants
  A hound zombie (D:10)
  A howler monkey skeleton (D:5)
  A worker ant zombie (D:2)
  14 adders
  15 gnolls
  3 shadow imps
  3 adder skeletons
  2 adder zombies
  2 worms
  A dart slug (D:1)
  7 leopard geckos
  25 orcs
  4 giant cockroaches
  9 hobgoblins
  6 jackals
  3 quokkas
  4 ball pythons
  8 bats
  5 frilled lizards
  6 goblins
  14 kobolds
  2 leopard gecko skeletons
  A quokka skeleton (D:7)
  2 quokka zombies
  7 rats
288 creatures vanquished.

Vanquished Creatures (collateral kills)
  A yak (D:8)
  A hound (D:8)
2 creatures vanquished.

Vanquished Creatures (others)
  A big kobold (D:10)
  A jelly (D:10)
  5 kobolds (D:10)
7 creatures vanquished.

Grand Total: 297 creatures vanquished

Notes
Turn   | Place    | Note
-------+----------+-------------------------------------------
     0 | D:1      | Aggronaut the Spriggan Enchanter began the quest for the
                  | Orb.
     0 | D:1      | Reached XP level 1. HP: 9/9 MP: 5/5
   407 | D:1      | Reached XP level 2. HP: 13/13 MP: 6/6
   414 | D:1      | Learned a level 2 spell: Ensorcelled Hibernation
   678 | D:1      | Reached skill level 5 in Stealth
   690 | D:1      | Upgraded the game from 0.25-a0-356-g7c9d860b3b to
                  | 0.25-a0-398-g1920f1ac21
  1264 | D:2      | Upgraded the game from 0.25-a0-398-g1920f1ac21 to
                  | 0.25-a0-424-g80bd347ae0
  1276 | D:2      | Reached XP level 3. HP: 16/16 MP: 5/8
  1405 | D:2      | Reached skill level 5 in Hexes
  1444 | D:2      | Noticed Terence
  1450 | D:2      | Killed Terence
  1450 | D:2      | Reached XP level 4. HP: 21/21 MP: 6/9
  1861 | D:2      | You fall into a shaft and drop 2 floors!
  1894 | D:4      | Reached skill level 6 in Stealth
  1914 | D:4      | Reached XP level 5. HP: 13/24 MP: 5/10
  2336 | D:4      | Learned a level 3 spell: Confuse
  2402 | D:4      | Noticed a yak
  2402 | D:4      | Noticed a yak
  2402 | D:4      | Noticed a yak
  2402 | D:4      | Noticed a yak
  2402 | D:4      | Noticed a yak
  2403 | D:4      | Noticed a yak
  2712 | D:3      | Found a shattered altar of Ashenzari.
  2722 | D:3      | Reached skill level 7 in Stealth
  2942 | D:2      | Reached XP level 6. HP: 28/28 MP: 11/11
  3175 | D:2      | Found a runed translucent door.
  3176 | D:2      | Noticed Crazy Yiuf
  3183 | D:2      | Killed Crazy Yiuf
  3967 | D:3      | Became a worshipper of Ashenzari the Shackled
  4592 | D:4      | Found Rotisa Raos's General Store.
  4597 | D:4      | Bought a scroll of teleportation for 36 gold pieces
  4597 | D:4      | Bought 2 scrolls of identify for 48 gold pieces
  4597 | D:4      | Bought a scroll of remove curse for 36 gold pieces
  4651 | D:4      | Reached XP level 7. HP: 13/32 MP: 7/12
  4905 | D:4      | Reached skill level 8 in Stealth
  4921 | D:4      | Found a transporter.
  4921 | D:4      | Identified the +10 spear of Cowardice {distort, rPois}
  4921 | D:4      | Noticed a toenail golem
  4924 | D:4      | Found a one-way gate to the infinite horrors of the Abyss.
  4924 | D:4      | Noticed mokwee's ghost (novice MiFi)
  4932 | D:4      | Found a transporter.
  5184 | D:4      | Killed a yak
  5184 | D:4      | Reached skill level 9 in Stealth
  5511 | D:4      | Killed a yak
  5518 | D:4      | Killed a yak
  5518 | D:4      | Reached skill level 5 in Short Blades
  5518 | D:4      | Reached skill level 10 in Stealth
  5518 | D:4      | Reached XP level 8. HP: 36/36 MP: 13/13
  5651 | D:4      | Reached skill level 11 in Stealth
  6366 | D:5      | Entered Level 5 of the Dungeon
  6662 | D:5      | Reached skill level 12 in Stealth
  7225 | D:5      | Reached XP level 9. HP: 17/39 MP: 7/14
  7418 | D:5      | Found a runed translucent gate.
  7419 | D:5      | Found a runed translucent gate.
  7427 | D:5      | Found a runed translucent gate.
  7427 | D:5      | Noticed Laukis's ghost (novice DsFi)
  7434 | D:5      | Found a staircase to the Ecumenical Temple.
  7562 | D:5      | Learned a level 3 spell: Dazzling Flash
  8145 | D:5      | Killed Laukis's ghost
  8234 | D:6      | Noticed Sigmund
  8237 | D:6      | Killed Sigmund
  8756 | D:6      | Noticed Menkaure
  8762 | D:6      | Killed Menkaure
  8762 | D:6      | Reached skill level 13 in Stealth
  8886 | D:6      | Found Qookoume's Weapon Shop.
  9055 | D:6      | Reached skill level 10 in Hexes
  9107 | D:6      | Reached * piety under Ashenzari
  9866 | D:7      | Reached XP level 10. HP: 23/44 MP: 15/15
 10167 | D:7      | Reached skill level 14 in Stealth
 10869 | D:8      | Found a runed translucent door.
 11160 | D:8      | Found a runed translucent gate.
 11161 | D:8      | Found a runed translucent gate.
 11162 | D:8      | Found a runed translucent gate.
 11164 | D:8      | Noticed astraldaughter's ghost (journeyman HuAr)
 11334 | D:8      | Found a viscous altar of Jiyva.
 11376 | D:8      | Found a runed translucent door.
 11377 | D:8      | Found a runed translucent door.
 11395 | D:8      | Reached skill level 10 in Short Blades
 11395 | D:8      | Reached skill level 15 in Stealth
 11417 | D:8      | Reached skill level 16 in Stealth
 11464 | D:8      | Gained mutation: You expend magic power (3 MP) to
                  | strengthen your wands. [potion of mutation]
 11464 | D:8      | Gained mutation: You have a beak for a mouth. [potion of
                  | mutation]
 11464 | D:8      | Gained mutation: You are partially covered in iridescent
                  | scales. (AC +2) [potion of mutation]
 11596 | D:8      | Paralysed by fainting for 6 turns
 11606 | D:8      | Identified a scroll of acquirement
 11606 | D:8      | Identified the cursed amulet "Yminuev" {Acrobat +Blink
                  | MR++} (You acquired it on level 8 of the Dungeon)
 12029 | D:8      | Reached skill level 17 in Stealth
 12045 | D:8      | Noticed a two-headed ogre
 12053 | D:8      | Killed a two-headed ogre
 12345 | D:9      | Reached ** piety under Ashenzari
 12377 | D:9      | Reached XP level 11. HP: 47/47 MP: 18/18
 12523 | D:9      | Found an ornate altar of the Wu Jian Council.
 12526 | D:9      | Found a glowing silver altar of Zin.
 12529 | D:9      | Found a radiant altar of Vehumet.
 12745 | D:9      | Reached skill level 5 in Spellcasting
 13512 | D:8      | Killed astraldaughter's ghost
 13512 | D:8      | Reached skill level 5 in Dodging
 13530 | D:8      | Fell from the grace of Ashenzari
 13530 | D:8      | Became a worshipper of Jiyva Jiblim the Shapeless
 13598 | D:10     | Entered Level 10 of the Dungeon
 13646 | D:10     | Noticed a green ugly thing
 13653 | D:10     | Killed a green ugly thing
 13687 | D:10     | Learned a level 3 spell: Confuse
 13781 | D:10     | Reached * piety under Jiyva
 13840 | D:10     | Noticed a two-headed ogre
 13844 | D:10     | Killed a two-headed ogre
 13917 | D:10     | Noticed a two-headed ogre
 13922 | D:10     | Killed a two-headed ogre
 13956 | D:10     | Found a staircase to the Orcish Mines.
 14056 | D:10     | Noticed an unseen horror
 14064 | D:10     | Killed an unseen horror
 14234 | D:10     | Reached ** piety under Jiyva
 14607 | D:11     | Found Kugigrid's Armour Shop.
 14607 | D:11     | Found a staircase to the Lair.
 14607 | D:11     | Noticed a death yak
 14607 | D:11     | Noticed a death yak
 14607 | D:11     | Noticed an unseen horror
 14612 | D:11     | Bought a +1 buckler of poison resistance for 175 gold
                  | pieces
 14640 | D:11     | Reached skill level 18 in Stealth
 14668 | D:11     | Noticed a death yak
 14677 | D:11     | Slain by an unseen horror

Levels and vault maps discovered:
D:1:      dpeg_arrival_arbitrary_c, layout_basic, minmay_misc_feat_four_crosses,
          roderic_lattice_a
D:2:      layout_basic, first_ration, guppyfry_early_lair_pool,
          uniq_crazy_yiuf_cottage, uniq_terence
D:3:      layout_basic, evilmike_ruin_ashenzari
D:4:      layout_basic, gammafunk_ghost_abyssal_escape, serial_shops, shop,
          kennysheep_potato
D:5:      layout_loops_ring, minmay_temple_entry_crystal_x,
          ebering_ghost_rock_garden, minmay_fractal_squares_5
D:6:      layout_basic, serial_shops, shop, uniq_menkaure, uniq_sigmund
D:7:      layout_cave_pools
D:8:      erik_cavepeople, layout_basic, gammafunk_ghost_ooze
D:9:      layout_loops_corners, grunt_temple_overflow_diamond
D:10:     layout_basic
D:11:     layout_rooms, dpeg_lair_monsters, serial_shops, nicolae_shop_stone,
          david_nohive_1, uniq_harold

Skill      XL: |  1  2  3  4  5  6  7  8  9 10 11 |
---------------+----------------------------------+-----
Hexes          | 4 5 6 7 8 10 | 10.0
Stealth        | 5 6 7 10 12 13 17 18 | 18.0
Short Blades   | 2 5 7 9 10 | 10.0
Spellcasting   | 4 8 |  8.0
Dodging        | 8 |  8.3

Action                   |  1- 3 |  4- 6 |  7- 9 | 10-12 || total
-------------------------+-------+-------+-------+-------++-------
Melee: Dagger            |    79 |   170 |   278 |   355 ||   882
       Peck              |       |       |       |    24 ||    24
Throw: Dart              |       |       |     2 |       ||     2
 Cast: Corona            |     5 |       |       |       ||     5
       Ensorcelled Hiber |    12 |    40 |    72 |    51 ||   175
       Confuse           |       |     3 |    32 |    15 ||    50
       Confusing Touch   |       |       |       |     1 ||     1
       Dazzling Flash    |       |       |       |     1 ||     1
Invok: Curse Item        |       |       |     2 |       ||     2
Evoke: Wand              |       |       |       |     5 ||     5
  Use: Scroll            |       |     9 |     4 |     6 ||    19
       Potion            |       |       |       |    10 ||    10
 Stab: Sleeping          |    20 |    36 |    55 |    58 ||   169
       Confused          |       |     2 |    20 |    13 ||    35
       Distracted        |       |       |     3 |     4 ||     7
       Invisible         |       |       |       |     6 ||     6
  Eat: Ration            |       |     2 |     7 |     4 ||    13
Armor: Robe              |     2 |     9 |     7 |    18 ||    36
Dodge: Dodged            |    53 |   137 |   172 |   224 ||   586
       Deflected         |       |       |     2 |       ||     2
Block: Other             |       |       |     4 |    29 ||    33
       Reflection        |       |       |       |     1 ||     1

Table legend:
 A = Non-vault XP
 B = Vault XP
 C = Vault XP percentage of total XP
 D = Non-vault monster count
 E = Vault monster count
 F = Vault count percentage of total count
                 A         B        C        D         E       F
            +---------+---------+-------+---------+---------+-------
      Total |   13738 |    5272 |  27.7 |     249 |      41 |  14.1
            +---------+---------+-------+---------+---------+-------
        D:1 |      36 |       0 |   0.0 |      21 |       0 |   0.0
        D:2 |     102 |      76 |  42.7 |      25 |       2 |   7.4
        D:3 |     230 |       0 |   0.0 |      23 |       0 |   0.0
        D:4 |    1916 |      34 |   1.7 |      30 |       1 |   3.2
        D:5 |     604 |     548 |  47.6 |      22 |       5 |  18.5
        D:6 |    1265 |     377 |  23.0 |      29 |       2 |   6.5
        D:7 |    1257 |       0 |   0.0 |      30 |       0 |   0.0
        D:8 |    1741 |    3926 |  69.3 |      20 |      26 |  56.5
        D:9 |    2119 |       0 |   0.0 |      21 |       0 |   0.0
       D:10 |    4339 |       0 |   0.0 |      27 |       0 |   0.0
       D:11 |     129 |     311 |  70.7 |       1 |       5 |  83.3
            +---------+---------+-------+---------+---------+-------
